 Dungeon Crawl Stone Soup version 0.20-a0-1074-g6a0a8e1 (webtiles) character file.

636 JeffiDaFish the Shield-Bearer (level 7, -7/43 HPs)
             Began as a Gargoyle Fighter on Apr 30, 2017.
             Splashed by Ijyb's acid (11 damage)
             ... on level 5 of the Dungeon.
             The game lasted 00:07:53 (3134 turns).

JeffiDaFish the Shield-Bearer (Gargoyle Fighter)    Turns: 3134, Time: 00:07:54

Health: -7/43      AC: 11    Str: 19    XL:     7   Next: 50%
Magic:  6/6        EV:  8    Int:  9    God:
Gold:   211        SH: 10    Dex: 11    Spells: 6/6 levels left

rFire    + + .     SeeInvis .   a - +0 flail
rCold    x . .     Gourm    .   c - +0 shield
rNeg     + . .     Faith    .   m - +0 fire dragon scales
rPois    ∞         Spirit   .   k - +2 helmet
rElec    +         Reflect  .   (no cloak)
rCorr    .         Harm     .   (no gloves)
MR       .....                  i - +0 pair of boots
Stlth    ..........             (no amulet)
Regen    0.2/turn               (no ring)
MPRegen  0.1/turn               (no ring)

@: corroded
A: talons 1, low mp 1, negative energy resistance 1, electricity resistance,
unbreathing, petrification resistance, rot immunity, AC +4
a: no special abilities


You were on level 5 of the Dungeon.
You were not hungry.

You visited 1 branch of the dungeon, and saw 5 of its levels.

You collected 211 gold pieces.

Inventory:

Hand Weapons
 a - a +0 flail (weapon)
Armour
 c - a +0 shield (worn)
 i - a +0 pair of boots (worn)
 k - a +2 helmet (worn)
 m - +0 fire dragon scales (worn)
Scrolls
 e - 2 scrolls of identify
 j - a scroll of blinking
 n - a scroll of teleportation
Potions
 l - a potion of magic
Comestibles
 b - 2 chunks of flesh
 d - 4 fruits
 f - 3 bread rations
 g - a meat ration
 h - 2 royal jellies


   Skills:
 + Level 4.2 Fighting
 + Level 4.2 Maces & Flails
 + Level 4.9 Armour
 + Level 1.9 Dodging
 + Level 1.0 Stealth
 + Level 5.9 Shields


You had 6 spell levels left.
You didn't know any spells.

Dungeon Overview and Level Annotations

Branches:
Dungeon (5/15)
 Temple: D:4-7

Altars:
Cheibriados

Annotations:
D:5 Ijyb


Innate Abilities, Weirdness & Mutations

You are resistant to torment.
Your stone body is resilient. (AC +4)
You are immune to poison.
You resist negative energy. (rN+)
You are resistant to electric shocks. (rElec)
You can survive without breathing.
You are immune to petrification.
You are immune to rotting.
You have sharp toenails.
Your magical capacity is low. (-10% MP)


Message History

You are too injured to fight recklessly!
You are too injured to fight recklessly!
You are too injured to fight recklessly!
The kobold hits you but does no damage.
You hit the kobold.
You kill the kobold!
The kobold throws a stone.
The stone completely misses you.
You hit the kobold but do no damage. The kobold hits you but does no damage.
Ijyb zaps a wand.
The bolt of acid hits the kobold.
The kobold is splashed with acid.
The acid corrodes the kobold!
The kobold dies!
The bolt of acid misses you.
You hit the kobold but do no damage.
Ijyb zaps a wand.
The bolt of acid hits the kobold.
The kobold is splashed with acid.
The acid corrodes the kobold!
The kobold dies!
The bolt of acid hits you!
* * * LOW HITPOINT WARNING * * *
The acid corrodes you!
You are splashed with acid!
The acid burns!
You die...

### #.# ####.### ###
#####...#..### ##.#
.........#...###@##
##
......##.###..K)##
.## .#
....#####.####.g#
..#..# ..### .#
#..######.....## .##
.. #..(.g(K.......#
##
#.......K..K..#.....
. ....##..K.....#
... .# #.###
##.(####..# . . #.##
..#


You could see Ijyb and a kobold.

Vanquished Creatures
  Sigmund (D:3)
  An ogre (D:3)
  A big kobold (D:5)
  Terence (D:3)
  Natasha (thrice) (D:4)
  3 worker ants (D:4)
  Robin (D:3)
  3 gnolls (D:4)
  4 adders
  An ooze (D:1)
  A worm (D:4)
  A dart slug (D:1)
  4 leopard geckos
  2 orcs (D:4)
  3 giant cockroaches
  6 hobgoblins
  3 jackals
  3 kobolds
  2 quokkas (D:3)
  A ball python (D:3)
  4 bats
  4 frilled lizards
  8 goblins
  2 rats (D:2)
63 creatures vanquished.

Vanquished Creatures (others)
  3 kobolds (D:5)
3 creatures vanquished.

Grand Total: 66 creatures vanquished

Notes
Turn   | Place    | Note
-------+----------+-------------------------------------------
     0 | D:1      | JeffiDaFish the Gargoyle Fighter began the quest for the Orb.
     0 | D:1      | Reached XP level 1. HP: 14/14 MP: 1/1
   138 | D:1      | Reached XP level 2. HP: 18/19 MP: 2/2
   648 | D:2      | Found a snail-covered altar of Cheibriados.
   693 | D:2      | Gained mutation: Your magical capacity is low. (-10% MP) [potion of mutation]
   693 | D:2      | Gained mutation: You have sharp toenails. [potion of mutation]
   933 | D:2      | Reached XP level 3. HP: 23/23 MP: 2/2
  1218 | D:3      | Noticed Sigmund
  1230 | D:3      | Killed Sigmund
  1230 | D:3      | Reached skill level 1 in Dodging
  1230 | D:3      | Reached skill level 5 in Shields
  1230 | D:3      | Reached XP level 4. HP: 16/29 MP: 3/3
  1230 | D:3      | Reached XP level 5. HP: 19/33 MP: 4/4
  1241 | D:3      | Noticed an ogre
  1242 | D:3      | Noticed Terence
  1246 | D:3      | Killed an ogre
  1246 | D:3      | Reached skill level 1 in Stealth
  1246 | D:3      | Reached XP level 6. HP: 24/38 MP: 5/5
  1256 | D:3      | Killed Terence
  1482 | D:3      | Noticed Robin
  1499 | D:3      | Killed Robin
  2296 | D:4      | Noticed Natasha
  2306 | D:4      | Killed Natasha
  2306 | D:4      | Reached XP level 7. HP: 43/43 MP: 6/6
  2425 | D:4      | Noticed Natasha
  2433 | D:4      | Killed Natasha
  2472 | D:4      | Noticed Natasha
  2481 | D:4      | Killed Natasha
  3032 | D:5      | Entered Level 5 of the Dungeon
  3104 | D:5      | Noticed Ijyb
  3134 | D:5      | Splashed by Ijyb's acid

Vault maps used:
D:1:      scummos_arrival_simple_crosswalls, glass_columns_a
D:2:      cheibriados_altar_1
D:3:      first_bread, kennysheep_generic_room_7, uniq_sigmund, uniq_robin,
          uniq_terence
D:4:      due_unseen_surprise, uniq_natasha
D:5:      minmay_temple_entry_junction, corexii_item_surrounded_by_moat,
          uniq_ijyb

Skill      XL: |  1  2  3  4  5  6  7 |
---------------+----------------------+-----
Armour         | 4 |  4.9
Dodging        | 1 |  1.9
Shields        | 5 |  5.9
Maces & Flails | 3 4 |  4.2
Stealth        | 1 |  1.0
Fighting       | 4 |  4.2

Action                   |  1- 3 |  4- 6 |  7- 9 || total
-------------------------+-------+-------+-------++-------
Melee: Flail             |   108 |   145 |    73 ||   326
  Use: Scroll            |     4 |     2 |       ||     6
       Potion            |     4 |       |       ||     4
  Eat: Chunk             |     1 |     4 |     3 ||     8
Armor: Scale mail        |    66 |    76 |       ||   142
       Fire dragon scale |       |    27 |    46 ||    73
Dodge: Dodged            |    32 |    67 |    20 ||   119
Block: Shield            |    63 |   101 |    46 ||   210
